 Dungeon Crawl Stone Soup version 0.21.1-1-g345015f (webtiles) character file.

380 Kairos the Chopper (level 6, -4/46 HPs)
             Began as a Demonspawn Gladiator on May 31, 2018.
             Slain by an ogre
             ... wielding a +0 giant spiked club
              (6 damage)
             ... on level 5 of the Dungeon.
             The game lasted 00:04:26 (3742 turns).

Kairos the Chopper (Demonspawn Gladiator)           Turns: 3742, Time: 00:04:27

Health: -4/46      AC: 10    Str: 16    XL:     6   Next: 46%
Magic:  0/6        EV:  8    Int:  9    God:
Gold:   171        SH:  0    Dex: 15    Spells: 5/5 levels left

rFire    . . .     SeeInvis +   a - +0 war axe
rCold    + . .     Gourm    +   (no shield)
rNeg     . . .     Faith    .   k - +0 chain mail
rPois    .         Spirit   +   c - +0 helmet
rElec    .         Reflect  .   (no cloak)
rCorr    .         Harm     .   (no gloves)
MR       .....                  (no boots)
Stlth    ..........             w - amulet of the gourmand
HPRegen  0.15/turn              u - ring of see invisible
MPRegen  0.10/turn              t - ring of protection from cold

@: no status effects
A: talons 1, magic shield
a: no special abilities


You were on level 5 of the Dungeon.
You were not hungry.

You visited 1 branch of the dungeon, and saw 5 of its levels.

You collected 171 gold pieces.

Inventory:

Hand Weapons
 a - a +0 war axe (weapon)
Missiles
 d - 3 throwing nets (quivered)
Armour
 b - a +0 leather armour
 c - a +0 helmet (worn)
 k - a +0 chain mail (worn)
 y - a +0 pair of gloves
Jewellery
 s - an uncursed ring of resist corrosion
 t - a ring of protection from cold (right hand)
 u - a ring of see invisible (left hand)
 w - an amulet of the gourmand (around neck)
Wands
 v - a wand of disintegration (17)
Scrolls
 h - a scroll of immolation {unknown}
 i - 2 scrolls of remove curse {unknown}
 j - 4 scrolls of teleportation {unknown}
 l - 4 scrolls of identify {unknown}
 n - a scroll of blinking {unknown}
 p - a scroll of enchant weapon {unknown}
 x - a scroll of amnesia {unknown}
 B - a scroll of enchant armour {unknown}
Potions
 e - a potion of degeneration {unknown}
 g - 3 potions of resistance {unknown}
 m - 4 potions of curing {unknown}
 o - a potion of agility {unknown}
 q - 2 potions of haste {unknown}
 r - a potion of magic {unknown}
 z - a potion of lignification {unknown}
 A - a potion of flight {unknown}
Comestibles
 f - 3 rations


   Skills:
 + Level 2.9 Fighting
 + Level 5.0 Axes
 + Level 1.8 Throwing
 + Level 2.8 Armour
 + Level 3.4 Dodging
 + Level 0.2 Stealth


You had 5 spell levels left.
You didn't know any spells.

Dungeon Overview and Level Annotations

Branches:
Dungeon (5/15)
 Temple: D:4-7

Altars:
Trog
Xom


Innate Abilities, Weirdness & Mutations

You have sharp toenails.
When hurt, damage is shared between your health and your magic reserves.


Message History

You hit the ogre. You claw the ogre.
The ogre is lightly wounded.
The ogre hits you with a giant spiked club!
* * * LOW HITPOINT WARNING * * *
You are too injured to fight recklessly!
You are too injured to fight recklessly!
You are too injured to fight recklessly!
You hit the ogre.
The ogre is moderately wounded.
The ogre hits you but does no damage.
You hit the ogre but do no damage. Your kick misses the ogre.
The ogre is moderately wounded.
The ogre hits you with a giant spiked club!
* * * LOW HITPOINT WARNING * * *
You hit the ogre. Your kick misses the ogre.
The ogre is heavily wounded.
You slash the ogre!
The ogre is almost dead.
The ogre hits you with a giant spiked club.
You die...

#.#..####.............
#......## ##............
#.##.#.# #...........#
#.#.# #.##........#
#.#.######.##..#....#
##...................##
#....######............
.#.#..######.#.#.####...
......O@.....#.#.###.###
###...#######.#)#.....#
# # #....[#
#.#.#####.###
#.##.#...##### #.#.#
###<.
#............###.#.# #.#
####.#.............# #.#
#.##..###.......# #.#
#.##..# #####.#.# #.#
#.##..# #.#.# #.#


You could see an ogre.

Vanquished Creatures
  An ogre (D:5)
  A scorpion (D:4)
  A hound (D:5)
  An iguana (D:4)
  2 worker ants (D:4)
  5 adders
  A dart slug (D:2)
  3 leopard geckos
  4 orcs
  4 giant cockroaches
  12 goblins
  14 hobgoblins
  8 jackals
  9 kobolds
  4 quokkas
  A ball python (D:2)
  7 bats
  5 frilled lizards
  10 rats
93 creatures vanquished.

Notes
Turn   | Place    | Note
-------+----------+-------------------------------------------
     0 | D:1      | Kairos the Demonspawn Gladiator began the quest for the Orb.
     0 | D:1      | Reached XP level 1. HP: 16/16 MP: 1/1
   251 | D:1      | Reached skill level 3 in Axes
   251 | D:1      | Gained mutation: When hurt, damage is shared between your health and your magic reserves. [demonic ancestry]
   251 | D:1      | Reached XP level 2. HP: 22/22 MP: 2/2
   408 | D:1      | Reached XP level 3. HP: 24/27 MP: 3/3
  1520 | D:2      | Found a shimmering altar of Xom.
  1785 | D:3      | Gained mutation: You have sharp toenails. [demonic ancestry]
  1785 | D:3      | Reached XP level 4. HP: 26/34 MP: 2/4
  1915 | D:3      | Reached skill level 4 in Axes
  2177 | D:3      | Reached skill level 1 in Armour
  2314 | D:3      | Found a bloodstained altar of Trog.
  2680 | D:4      | Reached XP level 5. HP: 35/39 MP: 5/5
  3556 | D:5      | Entered Level 5 of the Dungeon
  3692 | D:5      | Noticed an ogre
  3696 | D:5      | Killed an ogre
  3696 | D:5      | Reached XP level 6. HP: 39/46 MP: 6/6
  3710 | D:5      | Reached skill level 5 in Axes
  3740 | D:5      | HP: 2/46 [ogre/giant spiked club (9)]
  3742 | D:5      | Slain by an ogre

Skill      XL: |  1  2  3  4  5  6 |
---------------+-------------------+-----
Axes           | 3 4 5 |  5.0
Dodging        | 3 |  3.4
Armour         | 1 2 |  2.8
Fighting       | |  2.9
Throwing       | |  1.8
Stealth        | |  0.2

Action                   |  1- 3 |  4- 6 || total
-------------------------+-------+-------++-------
Melee: War axe           |   144 |   112 ||   256
       Kick              |       |    21 ||    21
  Eat: Chunk             |     2 |     5 ||     7
       Ration            |       |     1 ||     1
Armor: Leather armour    |    24 |       ||    24
       Chain mail        |    53 |    60 ||   113
Dodge: Dodged            |   107 |    66 ||   173
